 Dungeon Crawl Stone Soup version 0.31-a0-806-g0bc164a743 (webtiles) character file.

Game seed: 2771497136178146184

488 SkeletorGaming the Poker (level 6, -3/55 (56) HPs)
             Began as a Minotaur Berserker on Sept 19, 2023.
             Was a Believer of Trog.
             Slain by Crazy Yiuf
             ... wielding a +2 quarterstaff of chaos
              (4 damage)
             ... on level 4 of the Dungeon on Sept 21, 2023.
             The game lasted 00:19:43 (3650 turns).

SkeletorGaming the Poker (Minotaur Berserker)       Turns: 3650, Time: 00:19:44

HP:   -3/55 (56)    AC: 14    Str: 24    XL:     6   Next: 90%
MP:   5/5           EV:  7    Int:  4    God:    Trog [**....]
Gold: 125           SH:  0    Dex:  9    Spells: 5/5 levels left

rFire   . . .        a - +0 spear
rCold   . . .        (no shield)
rNeg    . . .        u - +0 plate armour
rPois   .            (helmet restricted)
rElec   .            (no cloak)
rCorr   .            x - +0 pair of gloves
SInv    .            j - +0 pair of boots
Will    .....        (no amulet) Stlth
                     (no ring)
HPRegen 0.29/turn    (no ring)
MPRegen 0.09/turn

%: no passive effects
@: lightly drained
A: horns 2, retaliatory headbutt
a: Renounce Religion, Berserk, Trog's Hand


You were on level 4 of the Dungeon.
You worshipped Trog.
Trog was pleased with you.
You visited 1 branch of the dungeon, and saw 4 of its levels.

You collected 125 gold pieces.

Inventory:

Hand Weapons
 a - a +0 spear (weapon)
 e - a +0 whip
 f - a +0 spear
 i - a +0 club
 k - a +0 hand axe
 l - a +0 long sword
 n - a +0 dagger
 o - a +0 dagger
 p - a +0 sling
 q - a +0 dagger
 s - a +0 mace
 y - a +0 mace
 z - a +0 short sword
 B - a +0 mace
 F - a +3 short sword
 G - a +0 long sword
 I - a +0 trident
Missiles
 g - 18 stones (quivered)
Armour
 b - a +0 animal skin
 j - a +0 pair of boots (worn)
 m - a +0 robe
 t - a +0 ring mail
 u - a +0 plate armour (worn)
 w - a +0 helmet
 x - a +0 pair of gloves (worn)
 C - a +1 chain mail of cold resistance
Wands
 J - a wand of charming (8)
Scrolls
 c - 2 scrolls of identify {unknown}
 r - 4 scrolls of blinking {unknown}
 A - a scroll of teleportation {unknown}
 H - a scroll of immolation {unknown}
 K - 2 scrolls of amnesia {unknown}
 L - a scroll of revelation {unknown}
Potions
 d - 3 potions of degeneration {unknown}
 h - 2 potions of brilliance {unknown}
 v - a potion of berserk rage {unknown}
 D - a potion of curing {unknown}
 E - a potion of might {unknown}


   Skills:
 + Level 5.1 Fighting
 * Level 4.9 Long Blades
 + Level 5.3 Polearms
 + Level 4.5 Armour
 + Level 2.9 Dodging


You had 5 spell levels left.
You didn't know any spells.
Your spell library contained the following spells:

 Spells                   Type           Power      Damage    Failure   Level
 Shock                    Conj/Air       0%         1d3       100%        1
 Slow                     Hex            0%         N/A       100%        1
 Confusing Touch          Hex            0%         N/A       100%        3
 Dazzling Flash           Conj/Hex       0%         N/A       100%        3
 Sigil of Binding         Hex            0%         N/A       100%        3
 Swiftness                Air            0%         N/A       100%        3
 Tukima's Dance           Hex            0%         N/A       100%        3
 Vampiric Draining        Necr           0%         2d6       100%        3
 Airstrike                Air            0%         2d(0-16)  100%        4
 Dimensional Bullseye     Hex/Tloc       0%         N/A       100%        4
 Iskenderun's Mystic Bla  Conj/Tloc      0%         2d3       100%        4
 Agony                    Necr           0%         N/A       100%        5
 Silence                  Hex/Air        0%         N/A       100%        5
 Summon Forest            Summ/Tloc      0%         N/A       100%        5
 Summon Mana Viper        Hex/Summ       0%         N/A       100%        5
 Summon Cactus Giant      Summ           0%         N/A       100%        6


Dungeon Overview and Level Annotations

Branches:
Dungeon (4/15)
 Temple: D:4-7

Altars:
Elyvilon
Hepliaklqana
Nemelex Xobeh
Wu Jian
Yredelemnul
The Shining One

Annotations:
D:4 Crazy Yiuf


Innate Abilities, Weirdness & Mutations

You have a pair of horns on your head.
You reflexively headbutt those who attack you in melee.


Message History

Crazy Yiuf closely misses you. You furiously retaliate!
You headbutt Crazy Yiuf. You hit Crazy Yiuf but do no damage.
Crazy Yiuf is lightly wounded.
You puncture Crazy Yiuf! Your headbutt misses Crazy Yiuf.
Crazy Yiuf is heavily wounded.
Crazy Yiuf hits you with a +2 quarterstaff of chaos.
You hit Crazy Yiuf but do no damage. Your headbutt misses Crazy Yiuf.
Crazy Yiuf is heavily wounded.
Crazy Yiuf yells, "Leather hand snockshim!"
Crazy Yiuf hits you with a +2 quarterstaff of chaos!
Crazy Yiuf draws strength from your wounds!
You barely miss Crazy Yiuf.
Crazy Yiuf is moderately wounded.
Crazy Yiuf hits you but does no damage.
You hit Crazy Yiuf but do no damage.
Crazy Yiuf is moderately wounded.
Crazy Yiuf completely misses you. You furiously retaliate!
You headbutt Crazy Yiuf. You hit Crazy Yiuf.
You headbutt Crazy Yiuf, but do no damage.
Crazy Yiuf is almost dead.
Crazy Yiuf hits you but does no damage.
You closely miss Crazy Yiuf. Your headbutt misses Crazy Yiuf.
Crazy Yiuf is almost dead.
You hit Crazy Yiuf.
Crazy Yiuf is almost dead.
Crazy Yiuf screams, "Ghoul!"
Crazy Yiuf hits you with a +2 quarterstaff of chaos!
You are electrocuted!
You closely miss Crazy Yiuf. Your headbutt misses Crazy Yiuf.
Crazy Yiuf is almost dead.
Crazy Yiuf screams, "Island childish King!"
Crazy Yiuf hits you with a +2 quarterstaff of chaos!
* * * LOW HITPOINT WARNING * * *
You are electrocuted!
* * * LOW HITPOINT WARNING * * *
Crazy Yiuf attacks as he pursues you!
Crazy Yiuf hits you with a +2 quarterstaff of chaos.
You die...

8..#..# #...#
#..###........
..##..#####
##..####.#...###'###
####......# #....#
#..##.# #.# #
..##......# ♣).).♣
#.###.###.###
8..#......# ♣♣...♣
### #.+.._###
.......##.# ♣♣.♣♣
#.###.###
#.........# ♣♣.♣ ###
#.# #.# #
####..#...# ♣.♣♣
#.###.###+###
#..#.### ♣♣@♣
##.##........ #..#.#
♣g♣♣ ##....#....#
####..#.### #'#
#########.#
..##......# ... ###
#.# ..#####.###
#...# #.## #.# ..#
#.# #)..# #..## ##.#
..# #.### #####
#...## ##..#
..#####.#.#
#....####...#
..........###
######....'.......


You could see Crazy Yiuf.

Vanquished Creatures
  Grinder (D:4)
  A hound (D:4)
  A jelly (D:4)
  2 orc priests (D:4)
  An orc wizard (D:4)
  An iguana (D:4)
  Terence (D:3)
  A gnoll (D:1)
  2 adders
  A shadow imp (D:4)
  2 worms (D:2)
  4 dart slugs
  6 orcs
  5 ball pythons
  4 bats
  4 endoplasms
  2 giant cockroaches
  6 goblins
  4 hobgoblins
  3 jackals (D:2)
  6 kobolds
  2 frilled lizards (D:3)
  8 rats
68 creatures vanquished.

Notes
Turn   | Place    | Note
-------+----------+-------------------------------------------
     0 | D:1      | SkeletorGaming the Minotaur Berserker began the quest for
                  | the Orb.
     0 | D:1      | Reached XP level 1. HP: 19/19 MP: 0/0
   103 | D:1      | Reached XP level 2. HP: 27/27 MP: 1/1
   195 | D:1      | Upgraded the game from 0.31-a0-799-g6bc09d010c to
                  | 0.31-a0-806-g0bc164a743
   965 | D:2      | Reached XP level 3. HP: 33/33 MP: 2/2
  1019 | D:2      | Found a sparkling altar of Nemelex Xobeh.
  1173 | D:2      | Reached skill level 1 in Long Blades
  2051 | D:3      | Found an ornate altar of the Wu Jian Council.
  2134 | D:3      | Found a white marble altar of Elyvilon.
  2183 | D:3      | Reached ** piety under Trog
  2183 | D:3      | Noticed Terence
  2199 | D:3      | Killed Terence
  2200 | D:3      | Reached XP level 4. HP: 39/41 MP: 3/3
  2380 | D:3      | Found a faded altar of an unknown god.
  2638 | D:3      | Found a basalt altar of Yredelemnul.
  2639 | D:3      | Found a hazy altar of Hepliaklqana.
  3182 | D:4      | Noticed Grinder
  3192 | D:4      | Killed Grinder
  3193 | D:4      | Reached XP level 5. HP: 47/47 MP: 4/4
  3193 | D:4      | Reached XP level 6. HP: 55/55 MP: 5/5
  3241 | D:4      | Reached skill level 5 in Polearms
  3282 | D:4      | Reached skill level 5 in Fighting
  3428 | D:4      | Found a glowing golden altar of the Shining One.
  3634 | D:4      | Found a runed translucent door.
  3635 | D:4      | Noticed Crazy Yiuf
  3649 | D:4      | HP: 1/55 [Crazy Yiuf/+2 quarterstaff of chaos (11)]
  3650 | D:4      | Slain by Crazy Yiuf

Illustrated notes

Levels and vault maps discovered:
D:1:      nicolae_arrival_washed_ashore, layout_loops_ring
D:2:      layout_basic, basic_altar
D:3:      layout_loops_ring, nicolae_wu_jian_immortal_techniques,
          mainiacjoe_overflow_tiny_flanked, mainiacjoe_overflow_divided_tiny,
          shapermc_ecumenical_altar_hornbeckon, uniq_terence
D:4:      layout_loops_corners, chei_slow_surprise, lemuel_doored_altar,
          lightli_ossuary_entry_decrepit_ruins, mrwooster_statue_mirror,
          uniq_grinder, uniq_crazy_yiuf_cottage

Skill      XL: |  1  2  3  4  5  6 |
---------------+-------------------+-----
Fighting       | 4 5 |  5.1
Polearms       | 4 5 |  5.3
Long Blades    | 2 4 |  4.9
Armour         | 3 4 |  4.5
Dodging        | |  2.9

Action                     |  1- 3 |  4- 6 || total
---------------------------+-------+-------++-------
  Melee: Spear             |    37 |   131 ||   168
         Headbutt          |    14 |    20 ||    34
         Long sword        |    64 |       ||    64
         Punch             |       |     4 ||     4
   Stab: Sleeping          |     2 |       ||     2
 Armour: Animal skin       |     7 |       ||     7
         Plate armour      |    50 |    94 ||   144
         Ring mail         |     2 |       ||     2
  Dodge: Dodged            |    49 |    39 ||    88

Table legend: (Time is in decaauts)
 A = Elapsed time spent in this place.
 B = Non-inter-level travel time spent in this place.
 C = Inter-level travel time spent in this place.
 D = Time resting spent in this place.
 E = Time spent auto-exploring this place.
 F = Levels seen in this place.
 G = Mean time per level.
                   A        B        C        D        E       F      G
               +--------+--------+--------+--------+--------+-----+--------+
         Total |   3651 |   3651 |      0 |    289 |   1232 |   4 |  912.8 |
       Dungeon |   3651 |   3651 |      0 |    289 |   1232 |   4 |  912.8 |
               +--------+--------+--------+--------+--------+-----+--------+

Top non-repeatable levels by time:
     D:2: 1085 daAuts
     D:3: 939 daAuts
     D:1: 930 daAuts
     D:4: 695 daAuts
